 Dungeon Crawl Stone Soup version 0.29-a0-509-g793eeb5391 (webtiles) character file.

Game seed: 9869527681650419704

70 Morbidden the Conjurer (level 4, -1/27 HPs)
             Began as an Octopode Conjurer on May 29, 2022.
             Slain by an ice beast (12 damage)
             ... on level 3 of the Dungeon.
             The game lasted 00:01:18 (2270 turns).

Morbidden the Conjurer (Octopode Conjurer)          Turns: 2270, Time: 00:01:19

Health: -1/27      AC:  1    Str:  6    XL:     4   Next: 22%
Magic:  1/7        EV: 13    Int: 22    God:
Gold:   202        SH:  0    Dex: 10    Spells: 4/7 levels left

rFire   . . .      SeeInvis .     - Unarmed
rCold   . . .      Faith    .   (no shield)
rNeg    . . .      Spirit   .   (helmet restricted)
rPois   .          Reflect  .   (no amulet)
rElec   .          Harm     .   (no ring)
rCorr   .          Rampage  .   (no ring)
Will    .....                   (no ring)
Stlth   +++.......              (no ring)
HPRegen 0.09/turn               (no ring)
MPRegen 0.10/turn               (no ring)
                                (no ring)
                                (no ring)

@: no status effects
A: almost no armour, amphibious, 8 rings, camouflage 1, gelatinous body 1,
(nimble swimmer 1), tentacles
a: no special abilities


You were on level 3 of the Dungeon.
You visited 1 branch of the dungeon, and saw 3 of its levels.

You collected 202 gold pieces.

Inventory:

Jewellery
 l - a ring of protection from fire
Scrolls
 c - 2 scrolls of teleportation {unknown}
 d - 2 scrolls of summoning {unknown}
 e - a scroll of identify {unknown}
 f - a scroll of fear {unknown}
 g - a scroll of enchant weapon {unknown}
 h - a scroll of immolation {unknown}
 i - a scroll of vulnerability {unknown}
Potions
 a - a potion of magic
 b - a potion of haste {unknown}
 j - a potion of degeneration {unknown}
 k - a potion of might {unknown}


   Skills:
 * Level 0.7 Fighting
 * Level 2.2 Dodging
 + Level 2.9 Stealth
 * Level 1.1 Unarmed Combat
 * Level 2.4 Spellcasting
 * Level 4.8 Conjurations


You had 4 spell levels left.
You knew the following spells:

 Your Spells              Type           Power      Damage    Failure   Level
a - Magic Dart            Conj           96%        1d7       1%          1
b - Searing Ray           Conj           48%        2d6       2%          2

Your spell library contained the following spells:

 Spells                   Type           Power      Damage    Failure   Level
 Dazzling Flash           Conj/Hex       26%        N/A       14%         3
 Fulminant Prism          Conj/Hex       6%         3d7       43%         4
 Iskenderun's Mystic Bla  Conj/Tloc      13%        2d5       43%         4
 Agony                    Necr           2%         N/A       98%         5
 Silence                  Hex/Air        1%         N/A       98%         5


Dungeon Overview and Level Annotations

Branches:
Dungeon (3/15)

Altars:
Yredelemnul


Innate Abilities, Weirdness & Mutations

You cannot wear most types of armour.
You are amphibious.
You can wear up to eight rings at the same time.
Your skin changes colour to match your surroundings (Stealth+).
Your rubbery body absorbs attacks. (AC +1, EV +1)
((You are camouflaged when in or above water. (Stealth+)))
You have tentacles for arms and can constrict up to eight enemies at once.


Message History

Confirm with . or Enter, or press ? or * to list all spells.
Aiming: Searing Ray (safe; 2% risk of failure)
Press: ? - help, Shift-Dir - straight line, f/p - ice beast
Aim: an ice beast (79% to hit)
The searing ray misses the ice beast. (Press . to maintain the ray.)
The searing ray hits the ice beast!
The ice beast is moderately wounded.
The searing ray misses the ice beast.
The searing ray hits the ice beast.
The ice beast is moderately wounded.
You finish channelling your searing ray.
The ice beast hits you but does no damage.
The ice beast barely misses you.
Unknown command.
Unknown command.
Unknown command.
You tentacle-slap the ice beast but do no damage.
The ice beast is moderately wounded.
The ice beast hits you. The ice beast freezes you!
You are too injured to fight recklessly!
You are too injured to fight recklessly!
Unknown command.
You are too injured to fight recklessly!
Unknown command.
You are too injured to fight recklessly!
You closely miss the ice beast. You squeeze the ice beast.
The ice beast is heavily wounded.
The ice beast barely misses you.
Unknown command.
You tentacle-slap the ice beast.
The ice beast is heavily wounded.
The ice beast completely misses you.
Unknown command.
You tentacle-slap the ice beast but do no damage.
The ice beast is heavily wounded.
You tentacle-slap the ice beast but do no damage.
The ice beast is heavily wounded.
The ice beast hits you. The ice beast freezes you!
You die...

......###.......#......
......'.'..............
......###..............
......# #..............
......# #........######
......# #........#
####### #........#
#........# ####+###@#
#Y# #.# ..# ... ....
.... ......


You could see an ice beast.

Vanquished Creatures
  3 gnolls (D:2)
  An adder (D:2)
  A worm (D:2)
  2 dart slugs (D:2)
  2 ball pythons
  3 bats (D:1)
  2 giant cockroaches
  3 goblins
  2 hobgoblins (D:2)
  2 jackals (D:2)
  3 frilled lizards
  A kobold (D:2)
  4 rats (D:1)
29 creatures vanquished.

Notes
Turn   | Place    | Note
-------+----------+-------------------------------------------
     0 | D:1      | Morbidden the Octopode Conjurer began the quest for the
                  | Orb.
     0 | D:1      | Reached XP level 1. HP: 11/11 MP: 3/3
   245 | D:1      | Reached XP level 2. HP: 17/17 MP: 1/5
   850 | D:2      | Found a basalt altar of Yredelemnul.
   870 | D:2      | Reached XP level 3. HP: 22/22 MP: 3/6
  1208 | D:2      | Learned a level 2 spell: Searing Ray
  1422 | D:2      | Reached XP level 4. HP: 8/27 MP: 2/7
  1751 | D:2      | Reached skill level 1 in Unarmed Combat
  2257 | D:3      | Noticed an ice beast
  2270 | D:3      | Slain by an ice beast

Illustrated notes

Levels and vault maps discovered:
D:1:      dpeg_arrival_subterranean_lakeside_camping, layout_rooms
D:2:      layout_loops_cross, basic_altar, nrook_mini_backslash
D:3:      layout_basic, mainiacjoe_overflow_brackets,
          hellmonk_ecumenical_altar_lost_god, minmay_ogre_servants, uniq_natasha

Skill      XL: |  1  2  3  4 |
---------------+-------------+-----
Unarmed Combat | 1 |  1.1
Fighting       | |  0.7
Dodging        | |  2.2
Stealth        | |  2.9
Spellcasting   | |  2.4
Conjurations   | |  4.8

Action                   |  1- 3 |  4- 6 || total
-------------------------+-------+-------++-------
Melee: Unarmed           |     4 |     5 ||     9
       Tentacles         |     1 |     1 ||     2
       Constrict         |     1 |       ||     1
 Cast: Magic Dart        |    52 |    17 ||    69
       Searing Ray       |       |     1 ||     1
  Use: Potion            |     1 |       ||     1
Armor: Skin              |     1 |     1 ||     2
Dodge: Dodged            |     9 |     4 ||    13

Table legend: (Time is in decaauts)
 A = Elapsed time spent in this place.
 B = Non-inter-level travel time spent in this place.
 C = Inter-level travel time spent in this place.
 D = Time resting spent in this place.
 E = Time spent auto-exploring this place.
 F = Levels seen in this place.
 G = Mean time per level.
                   A        B        C        D        E       F      G
               +--------+--------+--------+--------+--------+-----+--------+
         Total |   2269 |   2216 |     53 |     12 |   2022 |   3 |  756.3 |
       Dungeon |   2269 |   2216 |     53 |     12 |   2022 |   3 |  756.3 |
               +--------+--------+--------+--------+--------+-----+--------+

Top non-repeatable levels by time:
     D:2: 1515 daAuts
     D:1: 683 daAuts
     D:3: 70 daAuts
